 Dungeon Crawl Stone Soup version 0.30-a0-137-gd8773701ce (webtiles) character file.

Game seed: 10784708289610659751

1985 LnG the Sneak (level 9, -6/48 HPs)
             Began as a Kobold Summoner on Sept 23, 2022.
             Was an Initiate of Yredelemnul.
             Mangled by an orc warrior
             ... wielding a +0 hand axe
              (7 damage)
             ... on level 7 of the Dungeon.
             The game lasted 00:28:44 (8623 turns).

LnG the Sneak (Kobold Summoner)                     Turns: 8623, Time: 00:28:45

Health: -6/48      AC:  3    Str:  6    XL:     9   Next: 44%
Magic:  7/27       EV: 16    Int: 20    God:    Yredelemnul [......]
Gold:   367        SH:  0    Dex: 15    Spells: 8/20 levels left

rFire   . . .      SeeInvis .    j - +2 dagger (pain)
rCold   . . .      Faith    .    (no shield)
rNeg    . . .      Spirit   .    a - +0 robe
rPois   .          Reflect  .    s - +0 helmet
rElec   .          Harm     .    (no cloak)
rCorr   .          Rampage  .    (no gloves)
Will    .....                    (no boots)
Stlth   +++++.....               (no amulet)
HPRegen 0.16/turn                o - ring of magical power
MPRegen 0.20/turn                (no ring)

@: attractive
A: small, no large weapons, nightstalker 3
a: Renounce Religion, Recall Undead Harvest


You were on level 7 of the Dungeon.
You worshipped Yredelemnul.
Yredelemnul was noncommittal.
You visited 2 branches of the dungeon, and saw 8 of its levels.

You collected 367 gold pieces.

Inventory:

Hand Weapons
 j - a +2 dagger of pain (weapon)
Armour
 a - a +0 robe (worn)
 s - a +0 helmet (worn)
Jewellery
 c - a ring of fire
 o - a ring of magical power (left hand)
Wands
 l - a wand of flame (17)
 q - a wand of light (3)
Scrolls
 d - 2 scrolls of noise
 e - a scroll of butterflies {unknown}
 g - 2 scrolls of vulnerability {unknown}
 i - a scroll of poison {unknown}
 p - 3 scrolls of enchant armour {unknown}
 u - 2 scrolls of immolation {unknown}
 v - a scroll of magic mapping {unknown}
 x - 3 scrolls of blinking {unknown}
 y - a scroll of silence {unknown}
 z - a scroll of acquirement {unknown}
Potions
 b - a potion of magic
 h - 3 potions of haste
 k - 3 potions of cancellation
 n - a potion of attraction
 r - a potion of heal wounds {unknown}
 w - a potion of degeneration {unknown}
Miscellaneous
 t - a condenser vane


   Skills:
 + Level 2.1 Fighting
 + Level 6.1 Short Blades
 + Level 4.0 Dodging
 + Level 7.9 Stealth
 + Level 6.2 Spellcasting
 + Level 1.0 Hexes
 + Level 7.1 Summonings
 + Level 1.2 Ice Magic
 + Level 0.7 Invocations


You had 8 spell levels left.
You knew the following spells:

 Your Spells              Type           Power      Damage    Failure   Level
a - Summon Small Mammal   Summ           100%       N/A       1%          1
b - Call Imp              Summ           34%        N/A       1%          2
c - Call Canine Familiar  Summ           34%        N/A       1%          3
d - Ozocubu's Armour      Ice            11%        N/A       19%         3
e - Summon Guardian Gole  Hex/Summ       22%        N/A       6%          3

Your spell library contained the following spells:

 Spells                   Type           Power      Damage    Failure   Level
 Beastly Appendage        Tmut           12%        N/A       11%         1
 Wereblood                Tmut           6%         N/A       16%         2
 Summon Lightning Spire   Summ/Air       20%        N/A       24%         4
 Ignite Poison            Fire/Tmut/Pois 6%         N/A       30%         3
 Mephitic Cloud           Conj/Pois/Air  6%         N/A       30%         3
 Spider Form              Tmut/Pois      6%         N/A       30%         3
 Cause Fear               Hex            5%         N/A       54%         4
 Freezing Cloud           Conj/Ice/Air   3%         6-21      94%         5
 Dragon Form              Tmut           3%         N/A       100%        7
 Orb of Destruction       Conj           3%         9d5       100%        7
 Ozocubu's Refrigeration  Ice            5%         4d8       100%        7
 Spellforged Servitor     Conj/Summ      10%        N/A       100%        7
 Dragon's Call            Summ           17%        N/A       100%        9


Dungeon Overview and Level Annotations

Branches:
Dungeon (7/15)             Temple (1/1) D:4

Altars:
Ashenzari
Dithmenos
Elyvilon
Fedhas
Gozag
Hepliaklqana
Kikubaaqudgha
Nemelex Xobeh
Okawaru
Qazlal
Ru
Sif Muna
Trog
Uskayaw
Vehumet
Wu Jian
Xom
Yredelemnul
Zin
The Shining One


Innate Abilities, Weirdness & Mutations

You are small and have problems with some larger weapons.
You are completely attuned to the shadows.


Message History

The orc priest hits your jelly zombie with a +0 flail!
Your jelly zombie is destroyed!
The orc warrior hits your guardian golem with a +0 hand axe.
The orc warrior barely misses your spectral shadow imp.
The orc warrior hits your hound with a +0 hand axe.
Your spectral shadow imp barely misses the orc warrior.
Your guardian golem overheats!
The hound bites your spectral shadow imp but does no damage.
Casting: Summon Guardian Golem (dangerous; 6% risk of failure)
Confirm with . or Enter, or press ? or * to list all spells.
A guardian golem appears, shielding your allies.
Your guardian golem disappears in a puff of smoke!
Your hound barely misses the orc warrior.
The hound bites your spectral shadow imp but does no damage.
The steam dragon breathes steam at you.
The ball of steam hits the orc priest!!
The orc priest dies!
The ball of steam hits your guardian golem.
Your guardian golem resists.
The ball of steam hits you!!
* * * LOW HITPOINT WARNING * * *
The dead are walking!
The white imp barely misses your spectral shadow imp.
The orc warrior hits your orc priest zombie with a +0 hand axe!!
The orc warrior hits something with a +0 hand axe. x2
The orc warrior barely misses something.
Your orc priest zombie is engulfed in a cloud of scalding steam.
Your orc priest zombie hits the orc warrior but does no damage.
It was a potion of attraction.
You feel attractive to monsters.
Your hound is engulfed in a cloud of scalding steam.
Something bites your orc priest zombie.
Your orc priest zombie is destroyed!
Your spectral shadow imp is engulfed in a cloud of scalding steam.
As you read the scroll of fear, it crumbles to dust.
You assume a fearsome visage.
The orc warrior looks frightened!
The orc warrior hits your hound with a +0 hand axe!
The orc warrior hits you with a +0 hand axe!
You die...
Your body rises from the dead as a mindless zombie.

.... ....
.#...#....#
#...#5#...#
...#...#..#
.....).5..#
.#...#Dh..#
#...#$#).ยง#
...#F.)#h.#####
........oZho@.#
#########9###.#
#.# .# #.# .#
#.# .# #.# #.#
#.# #.#


You could see an orc warrior (fleeing, ally target), a hound, an orc, a friendly
spectral shadow imp (sheltered), a friendly guardian golem (summoned) and a
friendly hound (summoned, sheltered).

Vanquished Creatures
  A troll (D:7)
  A water moccasin (D:6)
  A bullfrog (D:6)
  A scorpion (D:6)
  2 jellies
  2 orc priests
  3 iguanas
  A gnoll (D:4)
  3 adders
  A dart slug (D:4)
  2 orcs
  4 bats
  3 endoplasms
  3 giant cockroaches
  6 goblins
  A hobgoblin (D:1)
  2 jackals (D:3)
  4 quokkas
  6 ball pythons
  A frilled lizard (D:1)
  7 kobolds
  3 rats
58 creatures vanquished.

Vanquished Creatures (collateral kills)
  A sky beast (D:4)
  2 ogres
  A bullfrog (D:7)
  A necrophage (D:6)
  5 scorpions
  A jelly (D:3)
  3 iguanas
  3 orc wizards (D:5)
  6 gnolls
  4 adders
  A shadow imp (D:7)
  A worm (D:4)
  2 dart slugs
  4 orcs
  3 ball pythons
  9 endoplasms
  3 goblins
  4 hobgoblins
  2 jackals (D:1)
  A bat (D:1)
  A frilled lizard (D:1)
  8 kobolds
  2 rats
  2 bushes (D:5)
70 creatures vanquished.

Vanquished Creatures (others)
  Menkaure (D:7)
  An ogre (D:7)
  A jelly (D:7)
  An orc priest (D:7)
  A scorpion zombie (D:5)
  An ogre zombie (D:7)
  2 jelly zombies (D:7)
  An iguana zombie (D:4)
  An adder zombie (D:5)
  An endoplasm (D:2)
  2 ball python zombies (D:4)
  A gnoll zombie (D:5)
  2 orc zombies
  4 fungi (D:3)
  45 plants (D:4)
  9 toadstools (D:3)
74 creatures vanquished.

Grand Total: 202 creatures vanquished

Notes
Turn   | Place    | Note
-------+----------+-------------------------------------------
     0 | D:1      | LnG the Kobold Summoner began the quest for the Orb.
     0 | D:1      | Reached XP level 1. HP: 10/10 MP: 3/3
   105 | D:1      | Reached XP level 2. HP: 13/15 MP: 1/5
   492 | D:1      | Learned a level 2 spell: Call Imp
   944 | D:1      | Reached XP level 3. HP: 19/19 MP: 3/6
  1341 | D:2      | Learned a level 3 spell: Call Canine Familiar
  1955 | D:2      | Reached XP level 4. HP: 24/24 MP: 8/8
  2221 | D:3      | Found a faded altar of an unknown god.
  2664 | D:3      | Reached skill level 1 in Short Blades
  2664 | D:3      | Reached XP level 5. HP: 20/28 MP: 6/9
  3360 | D:4      | Noticed an ogre
  3565 | D:4      | Learned a level 3 spell: Ozocubu's Armour
  3601 | D:4      | Killed an ogre
  3602 | D:4      | Reached skill level 1 in Fighting
  3602 | D:4      | Reached skill level 5 in Stealth
  3602 | D:4      | Reached skill level 5 in Summonings
  3602 | D:4      | Reached XP level 6. HP: 34/34 MP: 8/11
  4134 | D:4      | Noticed a sky beast
  4154 | D:4      | Killed a sky beast
  4295 | D:4      | Found a staircase to the Ecumenical Temple.
  4300 | D:4      | Reached XP level 7. HP: 38/38 MP: 12/12
  4302 | Temple   | Entered the Ecumenical Temple
  4652 | Temple   | Became a worshipper of Yredelemnul the Dark
  5833 | D:5      | Entered Level 5 of the Dungeon
  6084 | D:5      | Reached * piety under Yredelemnul
  6246 | D:5      | Reached XP level 8. HP: 43/43 MP: 14/14
  6250 | D:5      | Learned a level 3 spell: Summon Guardian Golem
  6312 | D:5      | Reached ** piety under Yredelemnul
  6945 | D:5      | Reached skill level 5 in Spellcasting
  7141 | D:5      | Reached skill level 5 in Short Blades
  7265 | D:5      | Reached *** piety under Yredelemnul
  7265 | D:5      | Reached skill level 1 in Ice Magic
  8310 | D:6      | Reached XP level 9. HP: 48/48 MP: 17/17
  8571 | D:7      | Noticed a troll
  8576 | D:7      | Killed a troll
  8584 | D:7      | Noticed Menkaure
  8595 | D:7      | Killed Menkaure
  8596 | D:7      | Reached skill level 1 in Hexes
  8619 | D:7      | HP: 1/48 [steam dragon/ball of steam (23)]
  8623 | D:7      | Mangled by an orc warrior

Illustrated notes

Levels and vault maps discovered:
D:1:      eino_arrival_cavern_b, layout_loops_ring, minmay_pentomino_q2
D:2:      layout_loops_ring
D:3:      cheibrodos_fertilizer, layout_basic, basic_ecumenical_altar
D:4:      layout_basic, minmay_temple_entry_proselytizer, serial_bayou,
          serial_bayou_lagoon_a, serial_bayou_pond_d, serial_bayou_lake_a,
          serial_bayou_crossing
D:5:      layout_cave_pods, minmay_hedge_maze, hangedman_glass_teeth,
          minmay_checkerbox
D:6:      layout_rooms
D:7:      cheibrodos_fzero, layout_loops_ring, uniq_duvessa, uniq_menkaure
Temple:   mainiacjoe_temple_cubbyholes

Skill      XL: |  1  2  3  4  5  6  7  8  9 |
---------------+----------------------------+-----
Stealth        | 3 4 5 6 7 |  7.9
Short Blades   | 1 2 3 5 6 |  6.1
Spellcasting   | 3 4 5 6 |  6.2
Fighting       | 1 2 |  2.1
Summonings     | 5 6 7 |  7.1
Dodging        | 3 4 |  4.0
Ice Magic      | 1 |  1.2
Hexes          | 1 |  1.0
Invocations    | |  0.7

Action                   |  1- 3 |  4- 6 |  7- 9 || total
-------------------------+-------+-------+-------++-------
Melee: Unarmed           |    11 |       |       ||    11
       Dagger            |    44 |    57 |   123 ||   224
       Punch             |     2 |       |     2 ||     4
 Cast: Summon Small Mamm |    16 |     2 |     1 ||    19
       Call Imp          |     4 |     5 |     6 ||    15
       Call Canine Famil |     2 |    14 |    21 ||    37
       Ozocubu's Armour  |       |       |     3 ||     3
       Summon Guardian G |       |       |    10 ||    10
Invok: Recall Undead Har |       |       |     2 ||     2
  Use: Scroll            |       |     6 |     3 ||     9
       Potion            |       |       |     2 ||     2
 Stab: Sleeping          |    13 |    12 |     9 ||    34
       Distracted        |       |     1 |     1 ||     2
Armor: Robe              |    16 |     4 |    16 ||    36
Dodge: Dodged            |    44 |    34 |    70 ||   148

Table legend: (Time is in decaauts)
 A = Elapsed time spent in this place.
 B = Non-inter-level travel time spent in this place.
 C = Inter-level travel time spent in this place.
 D = Time resting spent in this place.
 E = Time spent auto-exploring this place.
 F = Levels seen in this place.
 G = Mean time per level.
                   A        B        C        D        E       F      G
               +--------+--------+--------+--------+--------+-----+--------+
         Total |   8678 |   8471 |    207 |   2306 |   4674 |   8 | 1084.8 |
       Dungeon |   8288 |   8100 |    188 |   2306 |   4366 |   7 | 1184.0 |
        Temple |    390 |    371 |     19 |      0 |    308 |   1 |  390.0 |
               +--------+--------+--------+--------+--------+-----+--------+

Top non-repeatable levels by time:
     D:4: 2243 daAuts
     D:5: 2037 daAuts
     D:1: 1318 daAuts
     D:3: 1157 daAuts
     D:2: 799 daAuts
     D:6: 646 daAuts
  Temple: 390 daAuts
     D:7: 86 daAuts
